 Dungeon Crawl Stone Soup version 0.27.0-1-g7a089689b8 (webtiles) character file.

Game seed: 13217055164637623936

87 Brandom the Ducker (level 4, 0/34 HPs)
             Began as a Merfolk Necromancer on Aug 7, 2021.
             Slain by an orc (2 damage)
             ... on level 2 of the Dungeon.
             The game lasted 00:05:53 (4077 turns).

Brandom the Ducker (Merfolk Necromancer)            Turns: 4077, Time: 00:05:54

Health: 0/34       AC:  2    Str:  8    XL:     4   Next: 51%
Magic:  4/7        EV: 13    Int: 15    God:
Gold:   80         SH:  0    Dex: 14    Spells: 6/7 levels left

rFire    + . .     SeeInvis .   d - +2 dagger (pain)
rCold    . . .     Faith    .   (no shield)
rNeg     . . .     Spirit   .   a - +0 robe
rPois    +         Reflect  .   (no helmet)
rElec    .         Harm     .   (no cloak)
rCorr    .         Rampage  .   (no gloves)
Will     .....                  (no boots)
Stlth    ++........             e - amulet of magic regeneration
HPRegen  0.11/turn              j - ring of protection from fire
MPRegen  0.35/turn              m - ring of poison resistance

@: very slightly contaminated
A: (nimble swimmer 2), mertail
a: no special abilities


You were on level 2 of the Dungeon.
You visited 1 branch of the dungeon, and saw 3 of its levels.

You collected 80 gold pieces.

Inventory:

Hand Weapons
 d - a +2 dagger of pain (weapon)
   (You took it off a goblin on level 1 of the Dungeon)
Armour
 a - a +0 robe (worn)
 b - a +0 leather armour
   (You found it on level 1 of the Dungeon)
Jewellery
 e - an amulet of magic regeneration (around neck)
   (You found it on level 1 of the Dungeon)
 j - a ring of protection from fire (left hand)
   (You found it on level 2 of the Dungeon)
 m - a ring of poison resistance (right hand)
   (You found it on level 3 of the Dungeon)
Scrolls
 c - 3 scrolls of noise {unknown}
 f - 2 scrolls of teleportation {unknown}
 h - a scroll of enchant weapon {unknown}
 k - a scroll of identify {unknown}
Potions
 g - a potion of cancellation {unknown}
 i - a potion of flight {unknown}
 l - a potion of attraction {unknown}
 n - 2 potions of mutation {unknown}


   Skills:
 + Level 2.3 Fighting
 + Level 4.1 Dodging
 - Level 2.1 Stealth
 - Level 2.0 Spellcasting
 + Level 3.8 Necromancy


You had 6 spell levels left.
You knew the following spells:

 Your Spells              Type           Power      Damage    Failure   Level
a - Pain                  Necr           52%        1d6       4%          1

Your spell library contained the following spells:

 Spells                   Type           Power      Damage    Failure   Level
 Animate Skeleton         Necr           26%        N/A       4%          1
 Vampiric Draining        Necr           6%         2d6       14%         3
 Animate Dead             Necr           6%         N/A       41%         4
 Agony                    Necr           13%        N/A       77%         5


Dungeon Overview and Level Annotations

Branches:
Dungeon (3/15)

Altars:
Elyvilon
Fedhas
The Shining One


Innate Abilities, Weirdness & Mutations

((You are quick and stealthy near water. (Stealth+, EV+, Speed+++)))
Your lower body shifts to a powerful aquatic tail in water.


Message History

* * * LOW HITPOINT WARNING * * *
You closely miss the orc. The orc misses you.
Unknown command.
You barely miss the orc. The orc hits you with a +0 club.
* * * LOW HITPOINT WARNING * * *
You hit the orc but do no damage. The orc barely misses you.
Unknown command.
You hit the orc but do no damage. The orc closely misses you.
Aim: an orc, wielding a +0 club and wearing a +0 leather armour (heavily wounded, chance to affect: 82%)
The orc writhes in agony.
You kill the orc!
Things that are here:
a +0 club; a +0 leather armour; an orc corpse
Things that are here:
a +0 club; a +0 leather armour; an orc corpse
There is a stone staircase leading down here.
Things that are here:
a +0 club; a +0 leather armour; an orc corpse You start resting.
There is a stone staircase leading down here.
You climb downwards.
The orc closely misses you.
There is a stone staircase leading up here.
The orc hits you but does no damage. The orc closely misses you.
You climb upwards.
There is a stone staircase leading down here.
You hit the orc. The orc hits you with a +0 club. The orc misses you.
You hit the orc but do no damage.
The orc writhes in agony.
The orc hits you with a +0 club. The orc hits you with a +0 war axe!
Aim: an orc, wielding a +0 war axe (chance to affect: 83%)
The orc writhes in agony.
The orc hits you with a +0 club.
* * * LOW HITPOINT WARNING * * *
The orc hits you but does no damage.
Aim: an orc, wielding a +0 war axe (almost dead, chance to affect: 83%)
The orc barely resists.
The orc closely misses you. x2
Aim: an orc, wielding a +0 war axe (almost dead, chance to affect: 83%)
You miscast Pain.
You are very lightly contaminated with residual magic.
Nothing appears to happen.
The orc closely misses you. The orc hits you with a +0 war axe.
* * * LOW HITPOINT WARNING * * *
Unknown command.
Aim: an orc, wielding a +0 war axe (almost dead, chance to affect: 83%)
The orc barely resists.
The orc closely misses you. The orc hits you with a +0 war axe!
* * * LOW HITPOINT WARNING * * *
Aim: an orc, wielding a +0 war axe (almost dead, chance to affect: 83%)
The orc writhes in agony.
You kill the orc!
The orc hits you with a +0 club.
You die...

######## #....o@#
#.####)#
###########.####.#
#.............##.#
#.#########.#.##.#
#...........#.##.##
#############.##..#
#.................#
#.##########†.....#


You could see an orc.

Vanquished Creatures
  2 adders (D:2)
  A worm (D:2)
  2 dart slugs
  2 orcs (D:2)
  An endoplasm (D:1)
  A giant cockroach (D:2)
  8 hobgoblins
  7 jackals
  5 kobolds
  5 quokkas
  5 ball pythons
  5 bats
  3 frilled lizards
  6 goblins
  5 rats
58 creatures vanquished.

Notes
Turn   | Place    | Note
-------+----------+-------------------------------------------
     0 | D:1      | Brandom the Merfolk Necromancer began the quest for the
                  | Orb.
     0 | D:1      | Reached XP level 1. HP: 13/13 MP: 3/3
   445 | D:1      | Reached skill level 3 in Dodging
   747 | D:1      | Reached skill level 1 in Fighting
   747 | D:1      | Reached XP level 2. HP: 21/21 MP: 5/5
  1523 | D:1      | Reached XP level 3. HP: 26/26 MP: 6/6
  2448 | D:2      | Found a faded altar of an unknown god.
  2452 | D:2      | Became a worshipper of Elyvilon the Healer
  2452 | D:2      | Reached * piety under Elyvilon
  2453 | D:2      | Fell from the grace of Elyvilon
  2516 | D:2      | Found a glowing golden altar of the Shining One.
  2804 | D:2      | Reached XP level 4. HP: 33/33 MP: 7/7
  2860 | D:2      | Reached skill level 4 in Dodging
  3812 | D:3      | Found a blossoming altar of Fedhas.
  4077 | D:2      | Slain by an orc

Illustrated notes

Levels and vault maps discovered:
D:1:      minmay_arrival_split_and_join, layout_basic
D:2:      layout_basic, basic_altar, hellmonk_ecumenical_altar_inner_sanctum,
          grunt_decor_fettered, supply_closet_lemuel
D:3:      layout_basic, fedhas_altar_2, old_standard_altar, st_stairs_6,
          uniq_terence

Skill      XL: |  1  2  3  4 |
---------------+-------------+-----
Dodging        | 3 4 |  4.1
Fighting       | 1 2 |  2.3
Stealth        | |  2.1
Spellcasting   | |  2.0
Necromancy     | |  3.8

Action                   |  1- 3 |  4- 6 || total
-------------------------+-------+-------++-------
Melee: Dagger            |   106 |    59 ||   165
 Cast: Pain              |     4 |    11 ||    15
Invok: Renounce Religion |     1 |       ||     1
 Stab: Sleeping          |     3 |     1 ||     4
Armor: Robe              |    22 |    12 ||    34
Dodge: Dodged            |    75 |    53 ||   128
